 Dungeon Crawl Stone Soup version 0.28.0-1-gb440e238dd (webtiles) character file.

Game seed: 18160200149791281470

3768 iguanaiguana the Cleaver (level 9, -2/81 HPs)
             Began as a Minotaur Fighter on Feb 19, 2022.
             Was a Believer of Okawaru.
             Slain by Psyche (15 damage)
             ... on level 7 of the Dungeon.
             The game lasted 00:10:03 (5660 turns).

iguanaiguana the Cleaver (Minotaur Fighter)         Turns: 5660, Time: 00:10:04

Health: -2/81      AC: 13    Str: 26    XL:     9   Next: 94%
Magic:  8/8        EV: 11    Int:  5    God:    Okawaru [**....]
Gold:   82         SH:  5    Dex:  9    Spells: 8/8 levels left

rFire   . . .      SeeInvis .   a - +0 war axe
rCold   . . .      Faith    +   c - +0 buckler
rNeg    . . .      Spirit   .   b - +0 scale mail
rPois   .          Reflect  .   (helmet restricted)
rElec   .          Harm     .   (no cloak)
rCorr   .          Rampage  .   k - +0 pair of gloves
Will    .....                   (no boots)
Stlth   ..........              r - amulet of faith
HPRegen 0.23/turn               i - +4 ring of protection
MPRegen 0.11/turn               (no ring)

@: about to teleport
A: horns 2, retaliatory headbutt
a: Renounce Religion, Heroism


You were on level 7 of the Dungeon.
You worshipped Okawaru.
Okawaru was pleased with you.
You visited 2 branches of the dungeon, and saw 9 of its levels.
You also visited: Ossuary.

You collected 265 gold pieces.
You spent 183 gold pieces at shops.

Inventory:

Hand Weapons
 a - a +0 war axe (weapon)
Armour
 b - a +0 scale mail (worn)
 c - a +0 buckler (worn)
 k - a +0 pair of gloves (worn)
Jewellery
 i - a +4 ring of protection (left hand)
 r - an amulet of faith (around neck)
Wands
 p - a wand of acid (3) {@v1}
 s - a wand of mindburst (20)
 B - a wand of digging (8) {@v3}
Scrolls
 e - a scroll of holy word {unknown}
 f - a scroll of torment {unknown}
 h - 4 scrolls of fog
 o - 2 scrolls of fear {unknown}
 t - a scroll of teleportation {@r3}
 u - 3 scrolls of brand weapon {unknown}
 y - a scroll of silence {unknown}
 z - a scroll of amnesia {unknown}
 A - 2 scrolls of immolation
 C - a scroll of blinking {unknown}
Potions
 d - 2 potions of might {@q3}
 l - 2 potions of attraction
 m - a potion of mutation {unknown}
 n - 2 potions of berserk rage
 q - 2 potions of degeneration
 w - a potion of invisibility {unknown}
 x - a potion of brilliance {unknown}


   Skills:
 + Level 7.8 Fighting
 * Level 10.3 Axes
 + Level 7.8 Armour
 + Level 6.2 Dodging
 + Level 7.8 Shields


You had 8 spell levels left.
You didn't know any spells.
Your spell library was empty.

Dungeon Overview and Level Annotations

Branches:
Dungeon (8/15)             Temple (1/1) D:7         Ossuary (visited)
   Lair: D:8-11

Altars:
Ashenzari
Cheibriados
Dithmenos
Elyvilon
Fedhas
Gozag
Hepliaklqana
Makhleb
Nemelex Xobeh
Okawaru
Qazlal
Ru
Sif Muna
Uskayaw
Wu Jian
Yredelemnul
Zin
The Shining One

Shops:
D:7 ?*

Annotations:
D:8 Psyche


Innate Abilities, Weirdness & Mutations

You have a pair of horns on your head.
You reflexively headbutt those who attack you in melee.


Message History

There are monsters nearby!
You hit the gnoll.
The gnoll is heavily wounded.
You closely miss something.
The gnoll hits you but does no damage. x2
Something hits you.
You are poisoned.
You barely miss the gnoll.
The gnoll is heavily wounded.
You barely miss something.
You feel sick. The gnoll hits you but does no damage.
Something hits you but does no damage. Space warps horribly around you.
The gnoll hits you with a +0 spear.
You slash the gnoll!
You kill the gnoll!
Okawaru accepts your kill.
You miss something.
You feel sick. Something hits you.
Something tries to affect you, but you resist.
You block the gnoll's attack.
A gnoll is nearby!
You feel sick. The gnoll hits you with a +0 spear.
You block something's attack.
You slash the gnoll!
The gnoll is almost dead.
You hit something.
You feel sick. The gnoll hits you with a +0 spear. Something hits you.
Something freezes you.
You are too injured to fight recklessly!
A gnoll is nearby!
You are too injured to fight recklessly!
You are too injured to fight recklessly!
You are too injured to fight recklessly!
A gnoll is nearby!
You are too injured to fight recklessly!
You are too injured to fight recklessly!
You are too injured to fight recklessly!
A gnoll is nearby!
You are too injured to fight recklessly!
You are too injured to fight recklessly!
You are too injured to fight recklessly!
A gnoll is nearby!
You are too injured to fight recklessly!
You are too injured to fight recklessly!
You are too injured to fight recklessly!
A gnoll is nearby!
You slash the gnoll!
You kill the gnoll!
Okawaru accepts your kill.
You barely miss something.
You feel sick.
You hear some strange, mumbled words.
You turn into a sentient fungus.
Your +0 war axe melds into your body.
Your +0 pair of gloves melds into your body.
Your +0 buckler melds into your body.
Your +0 scale mail melds into your body.
You closely miss something.
You feel sick. Something hits you but does no damage.
You closely miss something.
You feel sick. Something closely misses you.
Something hits you but does no damage. Space warps horribly around you!!
* * * LOW HITPOINT WARNING * * *
You release spores at something.
You feel sick.
You are no longer poisoned.
You hear some strange, mumbled words.
A swirling arc of seething chaos appears!
An arc of chaos appears from out of thin air!
The arc of chaos hits you.
* * * LOW HITPOINT WARNING * * *
Found a trident.
Okay, then.
Okay, then.
Something hits you.
* * * LOW HITPOINT WARNING * * *
You hear some strange, mumbled words.
A swirling arc of seething chaos appears!
An arc of chaos appears from out of thin air!
The arc of chaos hits you but does no damage.
You resist.
You hear some strange, mumbled words.
A swirling arc of seething chaos appears!
An arc of chaos appears from out of thin air!
The arc of chaos hits you!
Something tries to affect you, but you resist.
Your transformation is almost over.
Something hits you but does no damage.
There is a stone staircase leading up here.
You see here a +0 club.
Something hits you but does no damage.
You climb upwards.
Reactivating autopickup.
There is a stone staircase leading down here.
You start resting.
Something barely misses you. Something hits you but does no damage.
Deactivating autopickup; reactivate with Ctrl-A.
You stop sporulating.
Your +0 war axe unmelds from your body.
Your +0 pair of gloves unmelds from your body.
Your +0 buckler unmelds from your body.
Your +0 scale mail unmelds from your body.
Something hits you but does no damage.
As you read the scroll of teleportation {@r3}, it crumbles to dust.
You feel strangely unstable. Something hits you.
* * * LOW HITPOINT WARNING * * *
You are electrocuted!
You die...

#.#.#
#...
####.#.#
#.##
#......#
###
#......#
#.....>#
#......#
#......#
####.#.#
#.#@#
#.#.#
#.#.#
#.#.#
#(#.##
#.#..#
#.#.##
#.#.#
#.#.###


There were no monsters in sight!

Vanquished Creatures
  2 wraiths (Ossuary)
  Grum (D:8)
  A steam dragon (D:6)
  A water moccasin (D:6)
  An orc warrior (D:7)
  An ice beast (D:5)
  4 wolves (D:8)
  An ogre (D:5)
  5 phantoms
  2 bullfrogs (D:8)
  3 scorpions (D:5)
  A wyvern skeleton (D:4)
  A water moccasin skeleton (D:4)
  11 wights
  11 killer bees
  4 howler monkeys
  A bullfrog zombie (D:6)
  2 centaur zombies
  3 hounds
  A gnoll shaman (D:8)
  An orc priest (D:8)
  A centaur skeleton (D:5)
  3 iguanas
  3 orc wizards
  2 hound skeletons (D:5)
  A mummy (D:7)
  6 gnolls
  3 howler monkey skeletons
  3 adders
  A white imp (D:5)
  An ufetubus (D:4)
  An adder skeleton (D:4)
  3 dart slugs
  14 orcs
  An endoplasm (D:1)
  A giant cockroach (D:4)
  2 goblins (D:4)
  A hobgoblin (D:1)
  6 jackals
  3 quokkas
  3 ball pythons
  A ball python skeleton (Ossuary)
  2 bats
  2 hobgoblin skeletons (Ossuary)
  A hobgoblin zombie (Ossuary)
  2 kobolds
  2 kobold zombies (Ossuary)
  An orc skeleton (Ossuary)
  An orc zombie (Ossuary)
129 creatures vanquished.

Vanquished Creatures (others)
  7 toadstools (D:7)
7 creatures vanquished.

Grand Total: 136 creatures vanquished

Notes
Turn   | Place    | Note
-------+----------+-------------------------------------------
     0 | D:1      | iguanaiguana the Minotaur Fighter began the quest for the
                  | Orb.
     0 | D:1      | Reached XP level 1. HP: 19/19 MP: 0/0
   149 | D:2      | Reached XP level 2. HP: 20/27 MP: 1/1
   235 | D:2      | Reached skill level 3 in Axes
   278 | D:4      | Reached XP level 3. HP: 32/33 MP: 2/2
   349 | D:4      | Reached skill level 1 in Dodging
   349 | D:4      | Reached XP level 4. HP: 18/40 MP: 3/3
   523 | D:4      | Reached skill level 4 in Axes
   529 | D:4      | Reached XP level 5. HP: 27/47 MP: 4/4
  1251 | D:5      | Entered Level 5 of the Dungeon
  1359 | D:5      | Noticed a phantom
  1369 | D:5      | Killed a phantom
  1370 | D:5      | Reached skill level 5 in Axes
  1370 | D:5      | Reached XP level 6. HP: 43/53 MP: 5/5
  1549 | D:5      | Reached skill level 5 in Fighting
  1549 | D:5      | Reached skill level 5 in Armour
  1549 | D:5      | Reached skill level 5 in Shields
  1683 | D:5      | Reached XP level 7. HP: 58/61 MP: 6/6
  1769 | D:5      | Reached skill level 6 in Axes
  2525 | D:6      | Reached skill level 7 in Axes
  2525 | D:6      | Reached XP level 8. HP: 32/70 MP: 7/7
  3197 | D:6      | You fall into a shaft and drop 1 floor!
  3200 | D:7      | Found Cotevanu's Assorted Antiques.
  3203 | D:7      | Bought a scroll labelled WUMAOS COB ZAT for 25 gold pieces
  3203 | D:7      | Bought a metallic grey potion for 22 gold pieces
  3306 | D:7      | Found a staircase to the Ecumenical Temple.
  3310 | D:7      | Found a sand-covered staircase.
  3324 | Temple   | Entered the Ecumenical Temple
  3499 | Temple   | Became a worshipper of Warmaster Okawaru
  3570 | Ossuary  | Entered an ossuary
  3625 | Ossuary  | Reached skill level 8 in Axes
  3737 | Ossuary  | Noticed a flying skull
  3746 | Ossuary  | Noticed a flying skull
  3773 | Ossuary  | Noticed a flying skull
  3776 | Ossuary  | Noticed a flying skull
  3804 | Ossuary  | Noticed a flying skull
  3950 | Ossuary  | Reached * piety under Okawaru
  3951 | Ossuary  | Reached XP level 9. HP: 63/78 MP: 8/8
  4139 | D:7      | Reached skill level 5 in Dodging
  4236 | D:7      | Found Juntot's Magic Scroll Emporium.
  4246 | D:7      | Bought a scroll of identify for 32 gold pieces
  4246 | D:7      | Bought a scroll of teleportation for 48 gold pieces
  4246 | D:7      | Bought a scroll of immolation for 56 gold pieces
  4269 | D:7      | Reached skill level 9 in Axes
  5042 | D:8      | Noticed Grum
  5061 | D:8      | Reached ** piety under Okawaru
  5075 | D:8      | Killed Grum
  5076 | D:8      | HP: 2/79 [wolf[Grum] (8)]
  5080 | D:8      | Reached skill level 10 in Axes
  5115 | D:8      | HP: 1/80 [killer bee (7)]
  5623 | D:8      | Noticed Psyche
  5660 | D:7      | Slain by Psyche

Illustrated notes

Levels and vault maps discovered:
D:1:      minmay_arrival_stair_chambers, layout_basic,
          hellmonk_ecumenical_altar_inner_sanctum
D:2:      layout_rooms
D:3:      layout_basic, ebering_ghost_inner_flame, minivault_27,
          chequers_serial_rivers_micro_c
D:4:      layout_loops_ring
D:5:      layout_basic
D:6:      layout_cave_pools
D:7:      cheibrodos_fertilizer, layout_rooms, minmay_temple_entry_mist,
          gup_ossuary_entry_pyramid, serial_shops, nicolae_shop_behind_doors,
          nicolae_stop_n_shop_1, minmay_misc_feat_room
D:8:      layout_rooms, uniq_grum, uniq_psyche
Temple:   mainiacjoe_temple_starburst

Skill      XL: |  1  2  3  4  5  6  7  8  9 |
---------------+----------------------------+-----
Axes           | 3 4 5 7 8 10 | 10.3
Fighting       | 4 5 6 7 |  7.8
Armour         | 4 5 6 7 |  7.8
Dodging        | 1 2 3 4 6 |  6.2
Shields        | 4 5 6 7 |  7.8

Action                   |  1- 3 |  4- 6 |  7- 9 || total
-------------------------+-------+-------+-------++-------
Melee: War axe           |    33 |    74 |   320 ||   427
       Headbutt          |     3 |    13 |    45 ||    61
       Unarmed           |       |       |     3 ||     3
Invok: Heroism           |       |       |     2 ||     2
  Use: Scroll            |       |       |     7 ||     7
       Potion            |       |       |     6 ||     6
Armor: Scale mail        |    10 |    44 |   195 ||   249
       Skin              |       |       |    14 ||    14
Dodge: Dodged            |    24 |    57 |   155 ||   236
Block: Buckler           |    12 |    19 |    81 ||   112
